 Dungeon Crawl Stone Soup version 0.16-a0-3625-g2624681 (webtiles) character file.

532 PolkaDot the Insei (level 7, 0/61 HPs)
             Began as a Green Draconian Monk on Jan 14, 2015.
             Was a Priest of Okawaru.
             Succumbed to a killer bee's poison
             ... on level 5 of the Dungeon.
             The game lasted 00:07:42 (3728 turns).

PolkaDot the Insei (Green Draconian Monk)           Turns: 3728, Time: 00:07:43

Health: 0/61       AC:  2    Str: 13    XL:     7   Next: 4%
Magic:  7/7        EV: 13    Int: 13    God:    Okawaru [***...]
Gold:   33         SH:  0    Dex: 13    Spells: 0 memorised, 6 levels left

rFire  x . .     SeeInvis .       - Unarmed
rCold  + . .     Clarity  +     (armour unavailable)
rNeg   x . .     SustAb   .     (no shield)
rPois  +         Gourm    .     (helmet restricted)
rElec  +         Spirit   .     p - -5 cloak "Uwirusea" {-Cast +Blink rElec rN-} (curse)
rCorr  .         Warding  .     (no gloves)
rMut   .         Stasis   .     (no boots)
MR     .....     NoCast   +     c - amulet of clarity
Stlth  ++........               y - ring of wizardry
                                x - ring of ice

@: lethally poisoned, about to teleport, very slightly contaminated, hasted,
very quick, not resistant to hostile enchantments, unstealthy
A: breathe noxious fumes, unfitting armour, poison resistance, spit poison 1,
cold-blooded, AC +6
a: Spit Poison, Breathe Noxious Fumes, Heroism, Renounce Religion, Evoke Blink


You were on level 5 of the Dungeon.
You worshipped Okawaru.
Okawaru was most pleased with you.
You were hungry.

You visited 1 branch of the dungeon, and saw 5 of its levels.

You collected 251 gold pieces.
You spent 218 gold pieces at shops.

Inventory:

Armour
 a - a +0 cloak
 p - the cursed -5 cloak "Uwirusea" (worn) {-Cast +Blink rElec rN-}
   (You bought it in a shop on level 5 of the Dungeon)

   It insulates you from electricity.
   It makes you vulnerable to negative energy.
   It lets you blink.
   It prevents spellcasting.
   It has a curse placed upon it.
Jewellery
 c - an amulet of clarity (around neck)
 x - a ring of ice (left hand)
 y - a ring of wizardry (right hand)
Magical devices
 k - a wand of flame (17)
 v - a wand of magic darts (24)
Scrolls
 d - a scroll of blinking {unknown}
 e - 2 scrolls of fear {unknown}
 f - a scroll of teleportation
 h - a scroll of magic mapping {unknown}
 i - a scroll of enchant weapon {unknown}
 j - 3 scrolls of fog {unknown}
 l - a scroll of enchant armour {unknown}
 n - 2 scrolls of remove curse {unknown}
 t - a scroll of noise {unknown}
 u - a scroll of amnesia {unknown}
Potions
 g - a potion of cancellation
Comestibles
 b - 6 bread rations
 q - a meat ration
 r - a slice of pizza
 s - 4 fruits
 z - a beef jerky


   Skills:
 + Level 5.4 Fighting
 + Level 4.0 Dodging
 - Level 1.7 Stealth
 * Level 6.6 Unarmed Combat


You had 6 spell levels left.
You didn't know any spells.

Dungeon Overview and Level Annotations

Branches:
Dungeon (5/15)             Temple (0/1) D:4

Altars:
Okawaru
Qazlal

Shops:
D:5 [


Innate Abilities, Weirdness & Mutations

You can breathe blasts of noxious fumes.
Your lurid green scales are hard (AC +6).
Your body does not fit into most forms of armour.
Your system is resistant to poisons.
Your cold-blooded metabolism reacts poorly to cold.
You can spit poison.


Message History

Read which item? (? for menu, Esc to quit)
As you read the scroll labeled GHEONO BROMU, it crumbles to dust.
You feel strangely unstable.
It was a scroll of teleportation.
* * * LOW HITPOINT WARNING * * *
You feel sick.
The giant frog zombie barely misses you.
* * * LOW HITPOINT WARNING * * *
You feel sick.
You are feeling hungry.
* * * LOW HITPOINT WARNING * * *
You feel sick.
Your surroundings suddenly seem different.
Read which item? (? for menu, Esc to quit)
As you read the scroll of teleportation, it crumbles to dust.
You feel strangely unstable.
* * * LOW HITPOINT WARNING * * *
You feel sick.
* * * LOW HITPOINT WARNING * * *
You feel sick.
You die...

..........# #.#
..##......# #.#
..##......# #.#######
..##......####.......#
..........#......###.#
.###......#.##.#.###.#
..........#.##....##.#
.##.###.##........##.#
.##.###.##.###..@.##.#
.##..##.#.## ##......#
.###.#....# #...####
.# #.♣.##[## ##.<.#
.##♣.∩.♣...###....#
.....♣..##.......##
#######.##.......#
#...######### #...#


There were no monsters in sight!

Vanquished Creatures
  Grinder (D:4)
  An ogre (D:4)
  A killer bee (D:5)
  2 worker ants
  A hound zombie (D:5)
  4 gnolls (D:4)
  2 adders
  2 worms
  2 oozes
  2 orcs (D:3)
  A bat skeleton (D:4)
  4 giant cockroaches
  8 goblins
  10 hobgoblins
  A quokka (D:3)
  2 ball pythons
  6 bats
  5 giant geckos
  A giant gecko skeleton (D:4)
  7 giant newts
  6 jackals
  8 kobolds
  10 rats
87 creatures vanquished.

Notes
Turn   | Place    | Note
--------------------------------------------------------------
     0 | D:1      | PolkaDot, the Draconian Monk, began the quest for the Orb.
     0 | D:1      | Reached XP level 1. HP: 19/19 MP: 1/1
   266 | D:1      | Reached XP level 2. HP: 24/26 MP: 2/2
   599 | D:1      | Reached XP level 3. HP: 30/33 MP: 3/3
   767 | D:2      | Found an iron altar of Okawaru.
   789 | D:2      | Became a worshipper of Warmaster Okawaru
   789 | D:2      | Acquired Okawaru's first power
  1808 | D:3      | Reached XP level 4. HP: 37/40 MP: 4/4
  2011 | D:3      | Reached skill level 5 in Unarmed Combat
  2300 | D:3      | Noticed a fire elemental
  2302 | D:3      | Found a stormy altar of Qazlal.
  2304 | D:3      | Noticed an air elemental
  2304 | D:3      | Noticed an earth elemental
  2304 | D:3      | Noticed a water elemental
  2607 | D:4      | Noticed an angel
  2627 | D:4      | Found a staircase to the Ecumenical Temple.
  2702 | D:4      | Noticed Grinder
  2704 | D:4      | Paralysed by Grinder for 5 turns
  2724 | D:4      | Gained mutation: You can spit poison. [potion of beneficial mutation]
  2732 | D:4      | Paralysed by Grinder for 6 turns
  2766 | D:4      | Killed Grinder
  2766 | D:4      | Reached skill level 5 in Fighting
  2766 | D:4      | Reached skill level 6 in Unarmed Combat
  2766 | D:4      | Reached XP level 5. HP: 27/48 MP: 5/5
  2766 | D:4      | Reached XP level 6. HP: 31/56 MP: 6/6
  2845 | D:4      | Noticed an ogre
  2856 | D:4      | Killed an ogre
  3058 | D:4      | Noticed a rust devil
  3401 | D:5      | Entered Level 5 of the Dungeon
  3594 | D:5      | Found Foasse Zate's Antique Armour Emporium.
  3644 | D:5      | Bought a jewelled cloak for 218 gold pieces
  3654 | D:5      | Identified the cursed -5 cloak "Uwirusea" {-Cast +Blink rElec rN-} (You bought it in a shop on level 5 of the Dungeon)
  3719 | D:5      | Your scales start taking on a lurid green colour.
  3719 | D:5      | Gained mutation: Your system is resistant to poisons. [draconian maturity]
  3719 | D:5      | Reached XP level 7. HP: 6/61 MP: 7/7
  3723 | D:5      | HP: 3/61 [poisoned by a killer bee]
  3726 | D:5      | HP: 1/61 [poisoned by a killer bee]
  3728 | D:5      | Succumbed to a killer bee's poison

Action                   |  1- 3 |  4- 6 |  7- 9 || total
-------------------------+-------+-------+-------++-------
Melee: Unarmed           |   143 |   170 |       ||   313
Invok: Heroism           |       |     1 |       ||     1
 Abil: Spit Poison       |       |     1 |       ||     1
  Use: Potion            |       |    12 |       ||    12
       Scroll            |       |       |     2 ||     2
 Stab: Sleeping          |     3 |     5 |       ||     8
  Eat: Chunk             |     3 |     6 |       ||     9
